 Dungeon Crawl Stone Soup version 0.23-a0-151-gf6d1ed2 (webtiles) character file.

440 Amnesiac the Changer (level 6, -3/29 HPs)
             Began as a Spriggan Transmuter on Sept 9, 2018.
             Was a Follower of Vehumet.
             Slain by an orc warrior
             ... wielding a cursed -2 hand axe
              (18 damage)
             ... on level 5 of the Dungeon.
             The game lasted 00:10:53 (5211 turns).

Amnesiac the Changer (Spriggan Transmuter)          Turns: 5211, Time: 00:10:54

Health: -3/29      AC:  4    Str:  6    XL:     6   Next: 70%
Magic:  15/15      EV: 18    Int: 18    God:    Vehumet [*.....]
Gold:   203        SH:  0    Dex: 17    Spells: 8/16 levels left

rFire    . . .     SeeInvis +     - Unarmed
rCold    . . .     Gourm    .   (shield restricted)
rNeg     . . .     Faith    .   b - +0 robe
rPois    .         Spirit   .   (helmet restricted)
rElec    .         Reflect  .   l - +1 cloak
rCorr    .         Harm     .   (gloves unavailable)
MR       +....                  (boots unavailable)
Stlth    ++........             (no amulet)
HPRegen  0.09/turn              (no ring)
MPRegen  0.14/turn              (no ring)

@: appendage, very quick
A: very small, unfitting armour, talons 3, see invisible, clever 1, herbivore,
speed 3, slow metabolism 2
a: End Transformation, Renounce Religion


You were on level 5 of the Dungeon.
You worshipped Vehumet.
Vehumet was aware of your devotion.
You were not hungry.
You had grown temporary talons.
You visited 1 branch of the dungeon, and saw 5 of its levels.

You collected 203 gold pieces.

Inventory:

Missiles
 a - 44 arrows (quivered)
Armour
 b - a +0 robe (worn)
 g - a scarf of cloud immunity
 l - a +1 cloak (worn)
Scrolls
 e - a scroll of magic mapping {!r}
 f - 5 scrolls of teleportation {!r}
 h - a scroll of fear {!r, unknown}
 i - a scroll of identify {!r}
 j - 5 scrolls of remove curse {!r}
 o - a scroll of amnesia {!r, unknown}
Potions
 c - a potion of might {!q}
 k - a potion of berserk rage {!q}
 m - 2 potions of heal wounds {!q}
 n - a potion of magic {!q, unknown}
 p - 2 potions of resistance {!q, unknown}
 q - a potion of brilliance {!q, unknown}
 r - a potion of curing {!q}
 s - a potion of haste {!q, unknown}
Comestibles
 d - 5 rations


   Skills:
 - Level 0.7 Fighting
 - Level 3.0 Dodging
 - Level 2.4 Unarmed Combat
 * Level 5.9 Spellcasting
 - Level 7.6 Transmutations


You had 8 spell levels left.
You knew the following spells:

 Your Spells              Type           Power        Failure   Level  Hunger
a - Beastly Appendage     Tmut           ####..       1%          1    None
b - Sticks to Snakes      Tmut           ####....     1%          2    None
c - Blade Hands           Tmut           ####......   14%         5    #####..

Your spell library contained the following spells:

 Spells                   Type           Power        Failure   Level  Hunger
 Sting                    Conj/Pois      #...         12%         1    None
 Spider Form              Tmut/Pois      ###.......   8%          3    ##.....
 Ice Form                 Ice/Tmut       ###.....     26%         4    ####...


Dungeon Overview and Level Annotations

Branches:
Dungeon (5/15)
 Temple: D:4-7

Altars:
Ashenzari
Fedhas
Makhleb
Vehumet


Innate Abilities, Weirdness & Mutations

You are very small and have problems with some larger weapons.
You are too small for most types of armour.
You have supernaturally acute eyesight. (SInv)
You are a herbivore.
You cover ground extremely quickly.
You need to consume almost no food.
You have claws for feet.
Your mind is acute. (Int +2)


Message History

The howler monkey zombie misses you.
You barely miss the howler monkey zombie.
You claw the howler monkey zombie.
The howler monkey zombie is moderately damaged.
The howler monkey zombie closely misses you.
You hit the howler monkey zombie. You claw the howler monkey zombie.
The howler monkey zombie is severely damaged.
The howler monkey zombie misses you.
You barely miss the howler monkey zombie.
You claw the howler monkey zombie, but do no damage.
The howler monkey zombie is severely damaged.
You completely miss the howler monkey zombie.
You claw the howler monkey zombie.
The howler monkey zombie is severely damaged.
The howler monkey zombie hits you.
You hit the howler monkey zombie. You claw the howler monkey zombie.
The howler monkey zombie is almost destroyed.
The howler monkey zombie misses you.
You completely miss the howler monkey zombie.
The howler monkey zombie is almost destroyed.
The howler monkey zombie closely misses you.
You hit the howler monkey zombie.
You destroy the howler monkey zombie!
Vehumet accepts your kill.
You hit the bullfrog skeleton but do no damage.
The bullfrog skeleton hits you but does no damage.
The bullfrog skeleton hits you.
You hit the bullfrog skeleton.
The bullfrog skeleton is lightly damaged.
The bullfrog skeleton misses you.
You hit the bullfrog skeleton.
You claw the bullfrog skeleton, but do no damage.
The bullfrog skeleton is lightly damaged.
The bullfrog skeleton hits you.
You hit the bullfrog skeleton.
The bullfrog skeleton is moderately damaged.
The bullfrog skeleton closely misses you.
You barely miss the bullfrog skeleton.
The bullfrog skeleton is moderately damaged.
The bullfrog skeleton hits you but does no damage.
The bullfrog skeleton completely misses you.
You hit the bullfrog skeleton. You claw the bullfrog skeleton.
You punch the bullfrog skeleton.
The bullfrog skeleton is severely damaged.
The bullfrog skeleton misses you.
You hit the bullfrog skeleton.
The bullfrog skeleton is severely damaged.
The bullfrog skeleton misses you.
You hit the bullfrog skeleton.
The bullfrog skeleton is severely damaged.
The bullfrog skeleton misses you.
You hit the bullfrog skeleton.
The bullfrog skeleton is almost destroyed.
The bullfrog skeleton hits you.
* * * LOW HITPOINT WARNING * * *
The bullfrog skeleton closely misses you.
You completely miss the bullfrog skeleton.
You claw the bullfrog skeleton.
You destroy the bullfrog skeleton!
Vehumet accepts your kill.
You barely miss the orc warrior.
The orc warrior hits you with a hand axe!!
Ouch! That really hurt!
You die...

.... #...........
.... #...........
.|... #...........
..... #...........
......
#...........
......##.....>..<.
......or..........
....o.#o#.........
...## #@##.#######
. #.##.# #.##.#
#.##.# #.##.# #.#
.# #.. ##.


You could see an orc warrior, an orc and a quokka.

Vanquished Creatures
  A phantom (D:4)
  A scorpion (D:4)
  2 orc priests (D:3)
  2 bullfrog skeletons
  A worker ant (D:4)
  A howler monkey zombie (D:5)
  A howler monkey skeleton (D:4)
  5 adders
  3 oozes (D:3)
  3 adder skeletons (D:4)
  2 dart slugs
  3 leopard geckos
  5 orcs
  3 giant cockroaches
  4 goblins
  8 hobgoblins
  3 jackals (D:1)
  7 kobolds
  A quokka (D:2)
  A ball python (D:3)
  4 bats
  5 frilled lizards
  A leopard gecko skeleton (D:4)
  9 rats
76 creatures vanquished.

Vanquished Creatures (collateral kills)
  An orc wizard (D:3)
  4 orcs
5 creatures vanquished.

Vanquished Creatures (others)
  A frilled lizard (D:1)
1 creature vanquished.

Grand Total: 82 creatures vanquished

Notes
Turn   | Place    | Note
-------+----------+-------------------------------------------
     0 | D:1      | Amnesiac the Spriggan Transmuter began the quest for the
                  | Orb.
     0 | D:1      | Reached XP level 1. HP: 9/9 MP: 5/5
   880 | D:3      | Reached skill level 3 in Transmutations
   964 | D:3      | Found a radiant altar of Vehumet.
   977 | D:3      | Became a worshipper of Vehumet
  1051 | D:1      | Gained mutation: You tend to lose your temper in combat.
                  | [potion of mutation]
  1051 | D:1      | Gained mutation: You have sharp toenails. [potion of
                  | mutation]
  1102 | D:1      | Reached XP level 2. HP: 9/14 MP: 5/7
  1122 | D:1      | Learned a level 2 spell: Sticks to Snakes
  1774 | D:1      | Reached skill level 4 in Transmutations
  1792 | D:1      | Reached XP level 3. HP: 17/17 MP: 8/8
  1977 | D:2      | Found a faded altar of an unknown god.
  2171 | D:2      | Reached * piety under Vehumet
  2171 | D:2      | Offered knowledge of Sting by Vehumet.
  2395 | D:2      | Reached skill level 5 in Transmutations
  2395 | D:2      | Reached XP level 4. HP: 21/21 MP: 10/10
  3327 | D:3      | Reached skill level 6 in Transmutations
  3327 | D:3      | Reached XP level 5. HP: 23/25 MP: 8/12
  3577 | D:3      | Learned a level 5 spell: Blade Hands
  3744 | D:3      | Found a blossoming altar of Fedhas.
  4306 | D:4      | Found a shattered altar of Ashenzari.
  4308 | D:4      | Noticed a phantom
  4358 | D:4      | Killed a phantom
  4358 | D:4      | Reached skill level 5 in Spellcasting
  4358 | D:4      | Reached skill level 7 in Transmutations
  4358 | D:4      | Reached XP level 6. HP: 26/29 MP: 14/14
  4709 | D:4      | Found a burning altar of Makhleb.
  4895 | D:4      | Lost mutation: You have sharp toenails. [potion of
                  | mutation]
  4895 | D:4      | Lost mutation: You tend to lose your temper in combat.
                  | [potion of mutation]
  4895 | D:4      | Gained mutation: Your mind is acute. (Int +2) [potion of
                  | mutation]
  5121 | D:5      | Entered Level 5 of the Dungeon
  5174 | D:5      | Noticed an orc warrior
  5211 | D:5      | Slain by an orc warrior

Vault maps used:
D:1:      ebering_hopf_link
D:2:      first_ration, chequers_ecumenical_altar_island
D:3:      lemuel_doored_altar, fedhas_altar_fruit_tree
D:4:      marbit_many_paths, cheibrodos_ashenzari_chains, amethyst_killhole
D:5:      regret_index_temple_of_mockery, nicolae_overflow_hidden_temple,
          minmay_temple_entry_statues_pillars

Skill      XL: |  1  2  3  4  5 |
---------------+----------------+-----
Transmutations | 3 4 5 6 7 |  7.6
Spellcasting   | 3 4 5 |  5.9
Fighting       | |  0.7
Dodging        | |  3.0
Unarmed Combat | |  2.4

Action                   |  1- 3 |  4- 6 || total
-------------------------+-------+-------++-------
Melee: Unarmed           |   195 |   236 ||   431
       Kick              |    29 |    54 ||    83
       Headbutt          |    18 |    32 ||    50
       Punch             |     1 |     5 ||     6
 Cast: Beastly Appendage |    32 |    23 ||    55
       Sticks to Snakes  |     1 |     7 ||     8
  Use: Scroll            |     9 |       ||     9
       Potion            |     2 |     4 ||     6
 Stab: Distracted        |     1 |     1 ||     2
       Sleeping          |       |     1 ||     1
  Eat: Ration            |       |     2 ||     2
Armor: Robe              |    20 |    33 ||    53
Dodge: Dodged            |   192 |   179 ||   371

Table legend:
 A = Non-vault XP
 B = Vault XP
 C = Vault XP percentage of total XP
 D = Non-vault monster count
 E = Vault monster count
 F = Vault count percentage of total count
                 A         B        C        D         E       F
            +---------+---------+-------+---------+---------+-------
      Total |     559 |      70 |  11.1 |      80 |       1 |   1.2
            +---------+---------+-------+---------+---------+-------
        D:1 |      40 |       0 |   0.0 |      20 |       0 |   0.0
        D:2 |      48 |       0 |   0.0 |      14 |       0 |   0.0
        D:3 |     164 |       0 |   0.0 |      28 |       0 |   0.0
        D:4 |     238 |      70 |  22.7 |      15 |       1 |   6.2
        D:5 |      69 |       0 |   0.0 |       3 |       0 |   0.0
            +---------+---------+-------+---------+---------+-------
